 Dungeon Crawl Stone Soup version 0.17.2-1-ge4368a0 (webtiles) character file.

11946 Goblin1989 the Severer (level 11, 0/90 HPs)
             Began as a Hill Orc Gladiator on Feb 15, 2017.
             Was a Priest of Beogh.
             Slain by an eight-headed hydra (8 damage)
             ... on level 11 of the Dungeon.
             The game lasted 00:34:06 (11977 turns).

Goblin1989 the Severer (Hill Orc Gladiator)        Turns: 11977, Time: 00:34:07

Health: 0/90       AC: 21    Str: 24    XL:     11   Next: 85%
Magic:  11/11      EV:  7    Int: 11    God:    Beogh [***...]
Gold:   535        SH: 12    Dex: 11    Spells: 1 memorised, 9 levels left

rFire  . . .     SeeInvis +     j - +1 whip (flame)
rCold  . . .     Clarity  .     x - +0 plate armour
rNeg   . . .     SustAt   .     b - +0 shield
rPois  +         Gourm    .     I - +1 hat {Int+3}
rElec  .         Spirit   .     E - +0 cloak
rCorr  .         Warding  .     A - +2 pair of gloves
rMut   .         Stasis   .     (no boots)
MR     ++...                    (no amulet)
Stlth  ..........               w - +2 ring of strength
                                s - ring of see invisible

@: very resistant to hostile enchantments, extremely unstealthy
A: beak, frail 1, magic resistance 2, poison resistance
a: Smiting, Renounce Religion


You were on level 11 of the Dungeon.
You worshipped Beogh.
Beogh was most pleased with you.
You were not hungry.

You visited 1 branch of the dungeon, and saw 11 of its levels.

You collected 535 gold pieces.

Inventory:

Hand Weapons
 a - a +0 war axe
 j - a +1 whip of flaming (weapon)
 p - a +2 hand axe of venom
 y - the +5 spear of Paper {vamp, +Rage MR+ Str-5, unknown}
   (You found it on level 7 of the Dungeon)

   It inflicts no extra harm, but heals its wielder somewhat when it strikes a
   living foe.
   It affects your strength (-5).
   It affects your resistance to hostile enchantments.
   It lets you go berserk.
Missiles
 l - 8 curare-tipped needles
Armour
 b - a +0 shield (worn)
 x - a +0 plate armour (worn)
 A - a +2 pair of gloves (worn)
 E - a +0 cloak (worn)
 I - a +1 hat of intelligence (worn)
Jewellery
 q - a ring of fire
 s - a ring of see invisible (left hand)
 t - a ring of positive energy
 w - a +2 ring of strength (right hand)
Wands
 z - a wand of cold (10)
 C - a wand of confusion (24)
Scrolls
 d - 3 scrolls of immolation {unknown}
 h - 3 scrolls of remove curse {@r2}
 r - 3 scrolls of enchant armour
 u - 4 scrolls of recharging
 B - a scroll of blinking
 M - a scroll of magic mapping
 R - 4 scrolls of identify {@r1}
 T - a scroll of teleportation
Potions
 k - a potion of lignification
 G - a potion of curing {@q1}
 H - 3 potions of ambrosia
Comestibles
 e - 7 bread rations {@e1}
 m - 3 meat rations {@e2}


   Skills:
 + Level 10.4 Fighting
 * Level 15.1 Axes
 - Level 1.7 Throwing
 + Level 9.0 Armour
 - Level 2.4 Dodging
 + Level 8.8 Shields


You had 9 spell levels left.
You knew the following spells:

 Your Spells              Type           Power        Failure   Level  Hunger
o - Apportation           Tloc           #.........   100%        1    ##.....


Dungeon Overview and Level Annotations

Branches:
Dungeon (11/15)            Temple (0/1) D:7            Lair (0/8) D:11
    Orc (0/4) D:9

Altars:
Cheibriados
Dithmenos
Fedhas
Kikubaaqudgha
Makhleb
Nemelex Xobeh
Okawaru
Qazlal
Sif Muna
Trog
Yredelemnul
Zin
Beogh


Innate Abilities, Weirdness & Mutations

You have a beak for a mouth.
You are frail (-10% HP).
You are highly resistant to hostile enchantments.
Your system is resistant to poisons.


Message History

The jelly jiggles.
The crimson imp grins evilly.
Wield which item (- for none, * to show all)? (? for menu, Esc to quit)
It bursts into flame!
j - a +1 whip of flaming (weapon)
The eight-headed hydra bites you but does no damage. x2
You block the eight-headed hydra's attack.
The eight-headed hydra bites you but does no damage. x3
You block the eight-headed hydra's attack.
The eight-headed hydra bites you.
You take 2 damage, and have 51/90 hp.
You completely miss the eight-headed hydra.
You hit the eight-headed hydra. You burn the eight-headed hydra.
You peck the eight-headed hydra.
The eight-headed hydra is lightly wounded.
You block the eight-headed hydra's attack. x2
The eight-headed hydra bites you but does no damage. x2
The eight-headed hydra closely misses you.
The eight-headed hydra bites you but does no damage.
You block the eight-headed hydra's attack.
The eight-headed hydra bites you but does no damage.
You completely miss the eight-headed hydra.
The eight-headed hydra is lightly wounded.
The eight-headed hydra bites you but does no damage.
You block the eight-headed hydra's attack.
The eight-headed hydra barely misses you.
The eight-headed hydra bites you.
The eight-headed hydra bites you but does no damage. x3
The eight-headed hydra closely misses you.
You take 1 damage, and have 50/90 hp.
You hit the eight-headed hydra. You burn the eight-headed hydra.
The eight-headed hydra is lightly wounded.
The jelly jiggles.
You hit the eight-headed hydra but do no damage.
Your peck misses the eight-headed hydra.
The eight-headed hydra is lightly wounded.
The eight-headed hydra bites you but does no damage.
The eight-headed hydra bites you!
The eight-headed hydra bites you but does no damage. x2
The eight-headed hydra bites you.
* * * LOW HITPOINT WARNING * * *
The eight-headed hydra bites you but does no damage.
You block the eight-headed hydra's attack. x2
You take 15 damage, and have 36/90 hp.
Your shield and plate armour prevent you from hitting the eight-headed hydra.
The eight-headed hydra is lightly wounded.
You block the eight-headed hydra's attack.
The eight-headed hydra barely misses you.
The eight-headed hydra bites you.
* * * LOW HITPOINT WARNING * * *
The eight-headed hydra bites you but does no damage.
You block the eight-headed hydra's attack. x2
The eight-headed hydra bites you but does no damage. x2
You take 2 damage, and have 34/90 hp.
You hit the eight-headed hydra. You burn the eight-headed hydra.
The eight-headed hydra is lightly wounded.
The eight-headed hydra completely misses you.
You block the eight-headed hydra's attack. x3
The eight-headed hydra bites you but does no damage.
The eight-headed hydra bites you!
* * * LOW HITPOINT WARNING * * *
The eight-headed hydra bites you.
* * * LOW HITPOINT WARNING * * *
The eight-headed hydra bites you but does no damage.
You take 13 damage, and have 21/90 hp.
You hit the eight-headed hydra. You burn the eight-headed hydra.
The eight-headed hydra is moderately wounded.
You whack the eight-headed hydra! You burn the eight-headed hydra.
Your peck misses the eight-headed hydra.
The eight-headed hydra is heavily wounded.
The eight-headed hydra bites you.
* * * LOW HITPOINT WARNING * * *
The eight-headed hydra bites you.
* * * LOW HITPOINT WARNING * * *
You block the eight-headed hydra's attack.
The eight-headed hydra bites you but does no damage.
The eight-headed hydra closely misses you.
The eight-headed hydra bites you but does no damage.
The eight-headed hydra barely misses you.
The eight-headed hydra bites you but does no damage.
You take 11 damage, and have 10/90 hp.
You hit the eight-headed hydra. You burn the eight-headed hydra.
The eight-headed hydra is heavily wounded.
You block the eight-headed hydra's attack. x2
The eight-headed hydra closely misses you.
The eight-headed hydra bites you but does no damage.
The eight-headed hydra bites you.
* * * LOW HITPOINT WARNING * * *
You block the eight-headed hydra's attack.
The eight-headed hydra bites you! Beogh protects you from harm!
The eight-headed hydra barely misses you.
The crimson imp shouts, "Scamper home, thou craven moldwarp cross-patch!"
You take 2 damage, and have 8/90 hp.
You hit the eight-headed hydra. You burn the eight-headed hydra.
The eight-headed hydra is heavily wounded.
You block the eight-headed hydra's attack.
The eight-headed hydra bites you but does no damage.
The eight-headed hydra bites you!
You die... ▓▓▓▓▓ ♣..(.....█ ▓·▓ ▓▓···▓ ♣.█......█ ▓·▓ ▓·⌂·▓▓ ♣........█ ▓·▓ ▓····▓ ♣.(█J....█ ▓·▓ ▓·▓▓·▓▓♣█(((J5███ ▓▓·▓▓ ▓▓▓▓▓·▓▓██(██l█ ▓▓▓▓▓···▓ ▓▓▓▓▓▓▓·▓·▓ █(██5█ ▓·······▓ ··▓▓···▓·▓▓ █(██D█ ▓·▓▓▓···▓ ··▓·▓▓▓▓▓▓ █)██@█

▓·▓ ▓▓·▓▓ ▓▓▓▓····▓▓ █J██.█ ▓·▓
▓·>▓ ▓▓▓▓▓·▓ █.██.█ ▓·▓ ▓▓▓▓
█·▓▓▓·▓ █.██.█ ▓·▓ █.····▓
█.██.█ ▓·▓ ▓▓ █<▓▓▓▓▓ █l██.█
▓·▓▓▓▓▓▓▓ ·▓▓█.████████.██.█
▓·······▓
▓·▓█(.........██.█▓▓▓▓▓▓▓▓▓▓▓·▓
▓█%█....███████▓·····▓ ▓···▓


You could see an eight-headed hydra, a komodo dragon, a jelly, a crimson imp and
a white imp.

Vanquished Creatures
  Gastronok (D:11)
  Pikel (D:3)
  Maurice (D:8)
  Joseph (D:7)
  A centaur zombie (D:9)
  A centaur skeleton (D:6)
  A troll (D:7)
  9 yaks
  A hungry ghost (D:8)
  4 hippogriffs
  Menkaure (D:6)
  A steam dragon (D:7)
  2 sky beasts
  Duvessa (D:7)
  2 ice beasts
  7 orc warriors
  3 phantoms
  A necrophage (D:8)
  4 black bears
  8 centaurs
  8 ogres
  A big kobold (D:10)
  5 giant frogs
  2 gnoll sergeants
  Dowan (D:7)
  5 scorpions
  A water moccasin skeleton (D:6)
  6 killer bees (D:8)
  4 crimson imps
  A quasit (D:10)
  A giant frog zombie (D:6)
  3 jellies
  2 giant frog skeletons
  4 iguanas
  8 orc priests
  Terence (D:3)
  2 hounds
  A gnoll shaman (D:8)
  5 orc wizards
  8 worker ants
  2 hound zombies
  A worker ant zombie (D:9)
  13 adders
  13 gnolls
  2 shadow imps
  10 white imps
  An adder skeleton (D:5)
  3 worms
  5 giant geckos
  37 orcs
  2 ball pythons
  4 giant cockroaches
  6 goblins
  6 hobgoblins
  7 kobolds
  3 quokkas
  7 bats
  5 giant newts
  6 rats
253 creatures vanquished.

Vanquished Creatures (others)
  2 hill giants (D:11)
  Psyche (D:11)
  A sky beast (D:11)
  2 centaurs (D:11)
  An iguana (D:4)
  An orc wizard (D:5)
  A white imp (D:11)
  2 orcs (D:7)
  A quokka (D:7)
12 creatures vanquished.

Grand Total: 265 creatures vanquished

Notes
Turn   | Place    | Note
--------------------------------------------------------------
     0 | D:1      | Goblin1989 the Hill Orc Gladiator began the quest for the Orb.
     0 | D:1      | Reached XP level 1. HP: 18/18 MP: 1/1
   116 | D:1      | Found a sparkling altar of Nemelex Xobeh.
   189 | D:1      | Reached XP level 2. HP: 25/25 MP: 2/2
   419 | D:2      | Reached skill level 5 in Axes
   465 | D:2      | Found a snail-covered altar of Cheibriados.
   682 | D:2      | Reached XP level 3. HP: 30/30 MP: 3/3
   909 | D:2      | Found a shadowy altar of Dithmenos.
   935 | D:2      | Reached skill level 1 in Armour
  1341 | D:3      | Noticed Terence
  1355 | D:3      | Killed Terence
  1355 | D:3      | Reached XP level 4. HP: 11/38 MP: 4/4
  2217 | D:3      | Found a deep blue altar of Sif Muna.
  2283 | D:3      | Reached XP level 5. HP: 36/45 MP: 5/5
  2292 | D:3      | Reached skill level 1 in Shields
  2640 | D:4      | Reached skill level 6 in Axes
  2868 | D:4      | Noticed Pikel
  2869 | D:4      | Noticed a slave
  2869 | D:4      | Noticed a slave
  2870 | D:4      | Noticed a slave
  2883 | D:4      | Noticed a slave
  2981 | D:3      | Gained mutation: You tend to lose your temper in combat. [potion of mutation]
  2981 | D:3      | Gained mutation: Your system is resistant to poisons. [potion of mutation]
  2981 | D:3      | Lost mutation: You tend to lose your temper in combat. [potion of mutation]
  2999 | D:3      | Killed Pikel
  2999 | D:3      | Reached skill level 7 in Axes
  2999 | D:3      | Reached XP level 6. HP: 39/55 MP: 6/6
  2999 | D:3      | Reached XP level 7. HP: 42/60 MP: 7/7
  3244 | D:4      | Noticed an ogre
  3252 | D:4      | Killed an ogre
  3252 | D:4      | Reached skill level 5 in Fighting
  3252 | D:4      | Reached skill level 8 in Axes
  3470 | D:4      | Found a blossoming altar of Fedhas.
  3643 | D:5      | Entered Level 5 of the Dungeon
  3897 | D:5      | Reached XP level 8. HP: 56/68 MP: 8/8
  3923 | D:5      | Gained mutation: You have a beak for a mouth. [mutagenic meat]
  3924 | D:5      | Gained mutation: You are resistant to hostile enchantments. [mutagenic meat]
  3925 | D:5      | Gained mutation: You are highly resistant to hostile enchantments. [mutagenic meat]
  3926 | D:5      | Gained mutation: You are frail (-10% HP). [mutagenic meat]
  3935 | D:5      | Found a burning altar of Makhleb.
  3935 | D:5      | Found a glowing silver altar of Zin.
  3936 | D:5      | Noticed an angel
  3936 | D:5      | Noticed a balrug
  4071 | D:5      | Reached skill level 9 in Axes
  4837 | D:5      | Reached skill level 5 in Armour
  5088 | D:5      | Reached skill level 10 in Axes
  5178 | D:6      | Reached XP level 9. HP: 63/70 MP: 9/9
  5273 | D:6      | Found a bloodstained altar of Trog.
  5284 | D:6      | Reached skill level 5 in Shields
  5479 | D:6      | Found a stormy altar of Qazlal.
  5479 | D:6      | Found an iron altar of Okawaru.
  5936 | D:6      | Reached skill level 11 in Axes
  6185 | D:6      | Found an ancient bone altar of Kikubaaqudgha.
  6286 | D:6      | Noticed Menkaure
  6298 | D:6      | Killed Menkaure
  6301 | D:6      | Noticed a centaur skeleton
  6377 | D:6      | Killed a centaur skeleton
  6727 | D:7      | Noticed Joseph
  6730 | D:7      | Became a worshipper of Beogh the Brigand
  6742 | D:7      | HP: 5/108 [Joseph/antimagic quarterstaff (4)]
  6743 | D:7      | Reached XP level 10. HP: 5/79 MP: 2/10
  6744 | D:7      | Killed Joseph
  6744 | D:7      | Reached skill level 12 in Axes
  7338 | D:7      | Got an ichor-stained spear
  7521 | D:7      | Noticed Dowan
  7522 | D:7      | Noticed Duvessa
  7542 | D:7      | Killed Duvessa
  7552 | D:7      | Killed Dowan
  7813 | D:7      | Found a staircase to the Ecumenical Temple.
  8215 | D:8      | Reached * piety under Beogh
  8389 | D:8      | Noticed Maurice
  8403 | D:8      | Killed Maurice
  8449 | D:8      | Found a shadowy altar of Dithmenos.
  8521 | D:8      | Learned a level 1 spell: Apportation
  8602 | D:8      | Reached skill level 13 in Axes
  9039 | D:9      | Found a basalt altar of Yredelemnul.
  9197 | D:9      | Found a roughly hewn altar of Beogh.
  9216 | D:9      | Reached ** piety under Beogh
  9216 | D:9      | Reached XP level 11. HP: 51/87 MP: 11/11
  9269 | D:9      | Found a staircase to the Orcish Mines.
  9540 | D:9      | Wingboner: Рискованно играешь. С копейками хп ломиться туда, где могут быть присты.
  9543 | D:9      | Reached skill level 14 in Axes
  9546 | D:9      | Goblin1989: япрятался так-то от них
  9546 | D:9      | Goblin1989: за уголок вот хошел
  9546 | D:9      | Goblin1989: хотя да, рисковал довольно сильно
  9944 | D:10     | Entered Level 10 of the Dungeon
 10759 | D:10     | Reached *** piety under Beogh
 11203 | D:11     | Noticed Gastronok
 11222 | D:11     | Killed Gastronok
 11222 | D:11     | Reached skill level 10 in Fighting
 11541 | D:11     | Noticed Psyche
 11542 | D:11     | Found a frozen archway.
 11568 | D:11     | Noticed a hill giant
 11571 | D:11     | Noticed a hill giant
 11574 | D:11     | Killed Psyche
 11580 | D:11     | Noticed an eight-headed hydra
 11581 | D:11     | Killed a hill giant
 11586 | D:11     | Killed a hill giant
 11586 | D:11     | Reached skill level 15 in Axes
 11926 | D:10     | Goblin1989: я слегка удивлен как я жив остался
 11926 | D:10     | Goblin1989: видимо реально когда не очень хочется лучше не играть
 11926 | D:10     | Goblin1989: фигня получается
 11976 | D:11     | Beogh protects you from harm!
 11977 | D:11     | Slain by an eight-headed hydra

Action                   |  1- 3 |  4- 6 |  7- 9 | 10-12 || total
-------------------------+-------+-------+-------+-------++-------
Melee: War axe           |    90 |   126 |   285 |   503 ||  1004
       Whip              |       |       |       |    11 ||    11
Throw: Throwing net      |       |       |     4 |       ||     4
Invok: Convert to Beogh  |       |       |     1 |       ||     1
Evoke: Wand              |       |       |       |     1 ||     1
  Use: Potion            |       |     4 |     2 |     2 ||     8
       Scroll            |       |       |     2 |    13 ||    15
 Stab: Invisible         |       |       |       |     1 ||     1
  Eat: Chunk             |     1 |     5 |    17 |     9 ||    32
       Fruit             |       |       |       |     5 ||     5
       Royal jelly       |       |       |       |     1 ||     1
       Pizza             |       |       |       |     1 ||     1
       Beef jerky        |       |       |       |     1 ||     1

Vault maps used:
D:1:      dpeg_arrival_pits, nemelex_deck
D:2:      grunt_dithmenos_smoke, cheibriados_altar_1, first_bread
D:3:      lemuel_round_altar, uniq_terence
D:4:      serial_bayou_pond_e, fedhas_altar_1, uniq_pikel
D:5:      grunt_temple_overflow_order_and_chaos_2
D:6:      trog_ov_bears_minmay, lemuel_coloured_pillars_altar,
          gammafunk_temple_overflow_wave, uniq_menkaure
D:7:      minmay_temple_entry_poolview, serial_curves, eino_curves_02,
          eino_curves_03, uniq_duvessa, uniq_joseph
D:8:      basic_altar, uniq_maurice
D:9:      old_standard_altar, david_orc_5
D:11:     lair_0_dummy, basic_altar, portal_ice_cave_entry_imps,
          hangedman_tree_tricks, uniq_psyche, uniq_gastronok
